 Dungeon Crawl Stone Soup version 0.30-a0-757-ga6a79fd877 (webtiles) character file.

Game seed: 14045337900904113207

154 theblackgale the Insei (level 5, -1/37 HPs)
             Began as a Demonspawn Transmuter on Feb 9, 2023.
             Slain by a gnoll
             ... wielding a +0 club
              (3 damage)
             ... on level 3 of the Dungeon.
             The game lasted 00:12:49 (1729 turns).

theblackgale the Insei (Demonspawn Transmuter)      Turns: 1729, Time: 00:12:50

Health: -1/37      AC:  5    Str: 12    XL:     5   Next: 13%
Magic:  8/9        EV: 12    Int: 15    God:
Gold:   100        SH:  0    Dex: 13    Spells: 8/9 levels left

rFire   . . .      SeeInvis .      - Unarmed
rCold   . . .      Faith    .    (no shield)
rNeg    . . .      Spirit   .    a - +1 robe
rPois   .          Reflect  .    (helmet currently unavailable)
rElec   .          Harm     .    (no cloak)
rCorr   .          Rampage  .    (no gloves)
Will    .....                    (boots currently unavailable)
Stlth   +                        (no amulet)
HPRegen 0.26/turn                c - ring of flight
MPRegen 0.11/turn                (no ring)

@: appendages, flying
A: horns 2, talons 2, claws 1, yellow scales 1
a: End Transformation


You were on level 3 of the Dungeon.
You had temporarily grown beastly horns and talons.
You visited 1 branch of the dungeon, and saw 3 of its levels.

You collected 100 gold pieces.

Inventory:

Armour
 a - a +1 robe (worn)
Jewellery
 c - a ring of flight (left claw)
Wands
 i - a wand of flame (19)
 j - a wand of iceblast (12)
Scrolls
 d - 5 scrolls of identify
 e - 2 scrolls of vulnerability
 h - 3 scrolls of teleportation
Potions
 b - a potion of lignification
 f - a potion of flight


   Skills:
 + Level 1.1 Fighting
 + Level 2.1 Dodging
 + Level 0.7 Stealth
 + Level 3.6 Unarmed Combat
 + Level 2.9 Spellcasting
 + Level 3.2 Transmutations


You had 8 spell levels left.
You knew the following spells:

 Your Spells              Type           Power      Damage    Failure   Level
a - Beastly Appendage     Tmut           22%        N/A       5%          1

Your spell library contained the following spells:

 Spells                   Type           Power      Damage    Failure   Level
 Wereblood                Tmut           11%        N/A       9%          2
 Spider Form              Tmut/Pois      7%         N/A       30%         3
 Ice Form                 Ice/Tmut       7%         N/A       71%         4


Dungeon Overview and Level Annotations

Branches:
Dungeon (3/15)

Altars:
Fedhas

Shops:
D:1 (


Innate Abilities, Weirdness & Mutations

You have temporarily grown beastly horns and talons.
You have sharp fingernails.
You are partially covered in yellow scales. (AC +2)


Message History

You grow a pair of large bovine horns.
Your feet morph into talons.
You claw the endoplasm!
You kill the endoplasm!
Found a scroll of teleportation.
Your transformation is almost over.
h - 3 scrolls of teleportation (gained 1)
Your horns disappear.
Your talons disappear.
Found a scroll of immolation.
A gnoll comes into view. It is wielding a +0 halberd.
The gnoll shouts!
A gnoll comes into view. It is wielding a +0 halberd.
A rat comes into view.
Found an escape hatch in the floor.
A gnoll comes into view. It is wielding a +0 club.
The gnoll barely misses you.
Casting: Beastly Appendage (safe; 5% risk of failure)
Confirm with . or Enter, or press ? or * to list all spells.
You grow a pair of large bovine horns.
Your feet morph into talons.
The gnoll shouts! x2; You hear a shout!
The rat twitches its whiskers.
A gnoll comes into view. It is wielding a +0 club.
The gnoll barely misses you.
Found a scroll of vulnerability.
The gnoll barely misses you. The gnoll hits you with a +0 halberd!
You barely miss the rat. The gnoll barely misses you.
The rat closely misses you. The gnoll completely misses you.
You barely miss the rat. The gnoll barely misses you.
The rat closely misses you. The gnoll hits you with a +0 halberd.
You scratch the rat.
You kill the rat!
You closely miss the gnoll. Your kick misses the gnoll. You headbutt the gnoll.
The gnoll is moderately wounded.
The gnoll hits you from afar with a +0 halberd.
The gnoll hits you with a +0 halberd!
You scratch the gnoll.
The gnoll is heavily wounded.
The gnoll hits you from afar with a +0 halberd!
* * * LOW HITPOINT WARNING * * *
The gnoll barely misses you. The gnoll hits you with a +0 club.
You die...

####### #.....#
#.###.# #.#.#.#
#..#[.########## #####
#.#............#.?....
#.....#######.@†.#
#.#.#.# #.ggg.?#
#.....# ##..g...#
###.### ##....## #.#
#.#.## #.# #>### #.##
#'# #..# ... #####.##


You could see 4 gnolls.

Vanquished Creatures
  An orc priest (D:2)
  Jessica (D:2)
  An orc wizard (D:2)
  3 gnolls (D:3)
  An adder (D:2)
  3 orcs (D:2)
  3 ball pythons
  5 endoplasms
  2 goblins
  2 hobgoblins
  3 jackals (D:2)
  A kobold (D:2)
  A bat (D:3)
  5 frilled lizards
  5 rats
37 creatures vanquished.

Notes
Turn   | Place    | Note
-------+----------+-------------------------------------------
     0 | D:1      | theblackgale the Demonspawn Transmuter began the quest for
                  | the Orb.
     0 | D:1      | Reached XP level 1. HP: 15/15 MP: 3/3
   172 | D:1      | Gained mutation: You have sharp fingernails. [demonic
                  | ancestry]
   172 | D:1      | Reached XP level 2. HP: 20/21 MP: 3/5
   240 | D:1      | Found Kago Gut's Weapon Shoppe.
   765 | D:2      | Noticed Jessica
   781 | D:2      | Killed Jessica
   782 | D:2      | Gained mutation: You are partially covered in yellow
                  | scales. (AC +2) [demonic ancestry]
   782 | D:2      | Reached XP level 3. HP: 7/26 MP: 4/6
  1303 | D:2      | Reached XP level 4. HP: 20/32 MP: 4/8
  1477 | D:3      | Found a blossoming altar of Fedhas.
  1558 | D:3      | Reached XP level 5. HP: 2/37 MP: 9/9
  1729 | D:3      | Slain by a gnoll

Illustrated notes

Levels and vault maps discovered:
D:1:      lemuel_arrival_broad_hall, layout_basic, serial_shops, shop,
          chequers_serial_rivers_micro_e
D:2:      cheibrodos_pilgrimage, layout_basic, amethyst_killhole, uniq_jessica
D:3:      layout_loops_corners, gammafunk_temple_overflow_wave,
          mainiacjoe_overflow_alcove_4

Skill      XL: |  1  2  3  4 |
---------------+-------------+-----
Unarmed Combat | 3 |  3.6
Transmutations | 2 3 |  3.2
Dodging        | 2 |  2.1
Fighting       | |  1.1
Stealth        | |  0.7
Spellcasting   | |  2.9

Action                     |  1- 3 |  4- 6 || total
---------------------------+-------+-------++-------
  Melee: Unarmed           |    46 |    40 ||    86
         Kick              |    12 |     7 ||    19
         Headbutt          |     2 |     7 ||     9
         Punch             |     2 |     2 ||     4
   Cast: Beastly Appendage |    23 |     7 ||    30
  Evoke: Wand              |       |     2 ||     2
    Use: Scroll            |     5 |     2 ||     7
         Potion            |     6 |       ||     6
   Stab: Sleeping          |     1 |       ||     1
 Armour: Robe              |     9 |    10 ||    19
  Dodge: Dodged            |    19 |    41 ||    60

Table legend: (Time is in decaauts)
 A = Elapsed time spent in this place.
 B = Non-inter-level travel time spent in this place.
 C = Inter-level travel time spent in this place.
 D = Time resting spent in this place.
 E = Time spent auto-exploring this place.
 F = Levels seen in this place.
 G = Mean time per level.
                   A        B        C        D        E       F      G
               +--------+--------+--------+--------+--------+-----+--------+
         Total |   1704 |    516 |   1188 |    202 |      0 |   3 |  568.0 |
       Dungeon |   1704 |    516 |   1188 |    202 |      0 |   3 |  568.0 |
               +--------+--------+--------+--------+--------+-----+--------+

Top non-repeatable levels by time:
     D:2: 657 daAuts
     D:1: 656 daAuts
     D:3: 389 daAuts
